 Dungeon Crawl Stone Soup version 0.31.0-11-ge490571c62 (webtiles) character file.

Game seed: 2590712121581060164

235800 Armakuni the Markself (level 18, 0/112 HPs)
             Began as a Deep Elf Gladiator on Jan 26, 2024.
             Was a Priest of Elyvilon.
             Killed from afar by a deep elf pyromancer (36 damage)
             ... with a bolt of fire
             ... on level 2 of the Orcish Mines on Jan 27, 2024.
             The game lasted 02:53:55 (32775 turns).

Armakuni the Markself (Deep Elf Gladiator)         Turns: 32775, Time: 02:53:56

Health: 0/112      AC: 16    Str: 11    XL:     18   Next: 48%
Magic:  27/34      EV: 26    Int: 24    God:    Elyvilon [***...]
Gold:   4279       SH: 10    Dex: 22    Spells: 18/38 levels left

rFire   . . .        a - +8 hand cannon of Pena {heavy, Will+ Int+4}
rCold   . . .        A - +3 buckler {reflect}
rNeg    + . .        z - +4 ring mail "Ablu" {rN+ Will+ Int+4}
rPois   .            o - +2 hat {SInv}
rElec   .            D - scarf {+Inv}
rCorr   .            r - +2 pair of gloves
SInv    +            B - +0 pair of boots
Will    +++..        R - amulet of regeneration
Stlth   +            E - +5 ring of evasion
HPRegen 1.18/turn    V - +5 ring of evasion
MPRegen 0.24/turn

%: reflection
@: very slightly contaminated
A: no striking features
}: 2/15 runes: barnacled, gossamer
a: Renounce Religion, Evoke Invisibility, Purification, Heal Other, Heal Self


You were on level 2 of the Orcish Mines.
You worshipped Elyvilon.
Elyvilon was most pleased with you.
You visited 7 branches of the dungeon, and saw 32 of its levels.
You visited the Abyss 1 time.
You also visited: Bailey and Ice Cave.

You collected 4459 gold pieces.
You spent 180 gold pieces at shops.

Inventory:

Hand Weapons
 a - the +8 hand cannon of Pena (weapon) {heavy, Will+ Int+4}
   (You acquired it on level 1 of the Shoals)

   Int+4:     It affects your intelligence (+4).
   Will+:     It increases your willpower.
 b - a +9 scimitar of venom
Missiles
 g - 3 throwing nets
Armour
 i - a +1 helmet of intelligence
 o - a +2 hat of see invisible (worn)
 r - a +2 pair of gloves (worn)
 z - the +4 ring mail "Ablu" (worn) {rN+ Will+ Int+4}
   (You found it on level 5 of the Lair of Beasts)

   Int+4:     It affects your intelligence (+4).
   rN+:       It protects you from negative energy.
   Will+:     It increases your willpower.
 A - a +3 buckler of reflection (worn)
 B - a +0 pair of boots (worn)
 D - a scarf of invisibility (worn)
Magical Staves
 G - a staff of air
 O - the staff "Liffumau" {Conj Hexes}
   (You found it on level 4 of the Shoals)

   [staff of conjuration]

   Base accuracy: +5 Base damage: 5 Base attack delay: 1.2 This weapon's minimum
   attack delay (0.6) is reached at skill level 12.
   Conj:      It increases the power of your Conjurations spells.
   Hexes:     It increases the power of your Hexes spells.
   It falls into the 'Staves' category.
   It is a one-handed weapon.
Jewellery
 E - a +5 ring of evasion (left hand)
 I - a ring of see invisible
 J - a ring of protection from cold
 L - a ring of flight
 P - a ring of poison resistance
 R - an amulet of regeneration (around neck)
 V - a +5 ring of evasion (right hand)
 W - a ring of resist corrosion
 X - a ring of willpower
Talismans
 K - a granite talisman
Wands
 d - a wand of digging (4)
 m - a wand of mindburst (3)
 v - a wand of flame (15)
 C - a wand of paralysis (4)
 S - a wand of polymorph (9)
Scrolls
 c - 5 scrolls of noise
 e - 4 scrolls of amnesia
 h - 9 scrolls of identify
 s - 2 scrolls of blinking
 w - 2 scrolls of revelation
 y - 4 scrolls of teleportation
 M - 5 scrolls of vulnerability
 Q - 3 scrolls of silence
 T - 2 scrolls of fog
Potions
 f - 9 potions of heal wounds
 j - 2 potions of haste
 k - 5 potions of enlightenment
 l - 3 potions of mutation
 n - 8 potions of ambrosia
 q - a potion of magic
 t - 13 potions of curing
 u - a potion of lignification
 x - a potion of cancellation
 F - 2 potions of attraction
 H - 5 potions of brilliance
 N - a potion of might
 U - a potion of invisibility
Miscellaneous
 p - a phantom mirror (inert)


   Skills:
 - Level 11.9 Fighting
 - Level 14.0 Long Blades
 - Level 18.0 Ranged Weapons
 - Level 2.0 Throwing
 - Level 5.0 Armour
 - Level 10.0 Dodging
 - Level 7.0 Shields
 - Level 10.7 Spellcasting
 + Level 0.0 Conjurations
 - Level 3.9 Hexes
 - Level 10.0 Summonings
 + Level 9.8 Translocations
 - Level 5.0 Air Magic
 - Level 15.0 Invocations
 - Level 10.0 Evocations


You had 18 spell levels left.
You knew the following spells:

 Your Spells              Type           Power      Damage    Failure   Level
a - Apportation           Tloc           100%       N/A       1%          1
k - Call Canine Familiar  Summ           57%        N/A       1%          3
l - Summon Lightning Spi  Summ/Air       48%        N/A       7%          4
m - Iskenderun's Mystic   Conj/Tloc      36%        2d9       19%         4
p - Dimensional Bullseye  Hex/Tloc       22%        N/A       9%          4
v - Vhi's Electric Charg  Tloc/Air       96%        N/A       7%          4

Your spell library contained the following spells:

 Spells                   Type           Power      Damage    Failure   Level
 Summon Small Mammal      Summ           100%       N/A       1%          1
 Volatile Blastmotes      Fire/Tloc      72%        2d16      6%          3
 Static Discharge         Conj/Air       48%        3-5/arc   8%          2
 Sigil of Binding         Hex            31%        N/A       9%          3
 Tukima's Dance           Hex            31%        N/A       9%          3
 Necrotise                Necr           48%        1d6       14%         1
 Sting                    Conj/Alch      48%        1d6       14%         1
 Airstrike                Air            18%        2d(3-19)  19%         4
 Dazzling Flash           Conj/Hex       44%        N/A       21%         3
 Arcjolt                  Conj/Air       12%        1d22      82%         5
 Plasma Beam              Fire/Air       12%        2x1d23    100%        6
 Starburst                Conj/Fire      6%         6d4       100%        6
 Maxwell's Capacitive Co  Air            18%        ∞         100%        8


Dungeon Overview and Level Annotations

Branches:
Dungeon (15/15)            Temple (1/1) D:5            Lair (5/5) D:10
 Shoals (4/4) Lair:3       Spider (4/4) Lair:2        Slime (0/5) Lair:5
    Orc (2/2) D:12            Elf (1/3) Orc:2        Vaults (0/5) D:13
 Depths (0/4) D:15         Bailey (visited)           IceCv (visited)

Altars:
Ashenzari
Cheibriados
Dithmenos
Elyvilon
Fedhas
Gozag
Hepliaklqana
Kikubaaqudgha
Makhleb
Nemelex Xobeh
Okawaru
Qazlal
Ru
Sif Muna
Trog
Uskayaw
Vehumet
Wu Jian
Xom
Yredelemnul
Zin
The Shining One

Shops:
D:9 [   Orc:2 :[[

Portals:
Hell: Lair:5

Annotations:
D:8 1 transporter, Skimidon's ghost, novice DsWn
D:9 4 transporters
Shoals:2 Mara


Message History

There is a staircase to the Elven Halls here.
Casting: Summon Lightning Spire (dangerous; 7% risk of failure)
Confirm with . or Enter, or press ? or * to list all spells.
You miscast Summon Lightning Spire.
You are very lightly contaminated with residual magic.
Nothing appears to happen.
The liquid fire burns you!
The deep elf pyromancer hits you with a +2 dagger of pain.
You writhe in agony.
The deep elf pyromancer gestures wildly while chanting.
The deep elf pyromancer blinks!
Casting: Summon Lightning Spire (dangerous; 7% risk of failure)
Confirm with . or Enter, or press ? or * to list all spells.
An electric hum fills the air.
The liquid fire burns you!
The deep elf pyromancer casts a spell. x2
The deep elf pyromancer blinks!
You shoot a bolt. The bolt hits the deep elf pyromancer!
The deep elf pyromancer is moderately wounded.
The liquid fire burns you!
The deep elf pyromancer gestures wildly while chanting.
The fire elemental closely misses you.
The deep elf pyromancer hits you but does no damage.
You writhe in agony.
You shoot a bolt. The bolt hits the deep elf pyromancer!!
The deep elf pyromancer is almost dead.
The liquid fire burns you! The fire elemental hits you.
The fire elemental burns you!
You block the deep elf pyromancer's attack.
You block the fire elemental's attack. The fire elemental closely misses you.
Fire: a) +8 hand cannon of Pena {heavy, Will+ Int+4}
Press: ? - help, Q - select action, (/) - cycle Shift-Dir - straight line, f/p - deep elf pyromancer
Aim: a deep elf pyromancer, wielding a +2 dagger of pain (almost dead, ally target, 73% to hit)
You shoot a bolt. The bolt hits the deep elf pyromancer!
You kill the deep elf pyromancer!
The fire elemental disappears in a puff of smoke! x2
The liquid fire burns you!
The deep elf pyromancer points at you and mumbles some strange words.
The bolt of fire hits you!!!
You die...

......##### .#......#.##
###.#......# #### ###....#.##
##..# #.#..##### ###...### #
##....# #.#.....## # ......#
#........# ### ......#####
####§§.....## ###.# ..........#
#...@)○.....#####....
..........###.8°.○.......#.##....
..........##......e.......##.....
....#......##.............#......
..###......#.......#.............
..# ###....#....######[[[........
.## ###.......#### ###.[.......#
### ##............# #<..........#
..###.............####..........†


You could see a deep elf pyromancer (ally target) and a friendly lightning spire
(summoned).

Vanquished Creatures
  Arachne (Spider:2)
  Jorgrun (D:12)
  A tentacled starspawn (Abyss:2)
  A kraken (Shoals:4)
  Kirke (D:12)
  Donald (Shoals:3)
  Ilsuiw (Shoals:2)
  Gastronok (Lair:2)
  An azure jelly (Spider:4)
  A frost giant (IceCv)
  An emperor scorpion (Spider:3)
  6 ghost moths
  A reaper (Abyss:2)
  A broodmother (Spider:3)
  A white draconian (IceCv)
  3 spark wasps
  2 entropy weavers (Spider:2)
  A merfolk javelineer (Shoals:4)
  4 merfolk impalers (Shoals:4)
  Fannar (Orc:1)
  A quicksilver dragon zombie (D:15)
  6 vault guards (D:13)
  An ice dragon (IceCv)
  A jorogumo (Spider:1)
  An alligator snapping turtle (Shoals:4)
  An ogre mage (D:15)
  3 merfolk avatars
  A catoblepas (Lair:3)
  An ironbound frostheart (IceCv)
  3 merfolk aquamancers
  A centaur warrior (D:14)
  2 boulder beetles
  4 death yaks
  5 two-headed ogres
  A vampire mage (D:15)
  2 thrashing horrors (Abyss:2)
  4 orc high priests
  5 demonic crawlers
  Urug (Lair:1)
  An occultist (Lair:5)
  2 sun demons (Shoals:3)
  2 skysharks
  2 wretched stars (Abyss:2)
  A sixfirhy (Lair:5)
  9 pharaoh ants
  A skeletal warrior (D:15)
  2 large abominations (Abyss:2)
  A spark wasp zombie (D:15)
  A sun moth (Spider:1)
  10 orb spiders
  A kraken simulacrum (Shoals:4)
  8 sea snakes
  6 steelbarb worms
  6 orc knights
  10 harpies
  A necromancer (D:15)
  2 deep elf pyromancers
  A deep elf zephyrmancer (Elf:1)
  5 ugly things
  13 fauns
  7 orc sorcerers (Orc:2)
  19 wolf spiders
  15 manticores
  5 cyclopes
  A moth of wrath (Spider:3)
  20 elephants
  9 merfolk sirens
  4 meliai
  2 kobold blastminers (Orc:2)
  2 black mambas
  2 orange demons (Lair:5)
  6 water nymphs
  4 smoke demons (Abyss:2)
  2 torpor snails
  2 gargoyles
  11 cane toads
  A kobold demonologist (D:13)
  9 rime drakes
  9 komodo dragons
  2 freezing wraiths (Spider:4)
  2 ice devils (Lair:5)
  A red devil (Lair:5)
  A burning bush (Lair:4)
  4 wind drakes
  5 hornets (Spider:4)
  7 trolls
  17 merfolk
  2 hellwings
  2 ancient zymes (Abyss:2)
  3 polar bears
  26 tarantellas
  4 dream sheep
  20 blink frogs
  4 snapping turtles
  18 culicivoras
  4 ynoxinuls (Abyss:2)
  2 shadows
  3 wraiths
  19 jumping spiders
  9 water elementals
  8 slime creatures
  8 wyverns
  A spriggan (shapeshifter) (D:14)
  Eustachio (D:4)
  3 hogs
  A spriggan (D:10)
  A vampire (D:12)
  4 basilisks
  37 yaks
  4 small abominations (Abyss:2)
  Grum (D:8)
  12 wargs
  6 humans (D:13)
  37 redbacks
  A chaos spawn (Abyss:2)
  8 vampire mosquitoes
  4 acid dragons
  5 hell hounds (Lair:5)
  20 water moccasins
  20 orc warriors
  3 black bears
  14 wolves
  A sky beast (D:7)
  5 ogres
  4 ice beasts
  A laughing skull (D:15)
  14 centaurs
  A kobold brigand (D:4)
  2 weeping skulls (Abyss:2)
  5 bullfrogs
  An earth elemental (Abyss:2)
  A gnoll sergeant (D:12)
  4 scorpions
  A brain worm (Abyss:2)
  5 wights (D:9)
  25 killer bees
  An electric eel (Spider:4)
  4 howler monkeys
  3 bombardier beetles
  A crimson imp (Abyss:2)
  2 jellies (Lair:5)
  A quasit (Abyss:2)
  2 hounds
  27 orc priests
  3 iguanas
  2 sleepcaps (D:5)
  34 orc wizards
  Robin (D:3)
  13 gnolls
  9 adders
  6 ufetubi
  5 dart slugs
  73 orcs
  4 bats
  6 endoplasms
  A giant cockroach (D:4)
  21 goblins
  6 hobgoblins
  A jackal (shapeshifter) (D:14)
  5 jackals
  16 kobolds
  2 quokkas
  9 ball pythons
  6 frilled lizards
  6 rats
  3 tentacles (Shoals:4)
987 creatures vanquished.

Vanquished Creatures (collateral kills)
  An emperor scorpion (Spider:4)
  A ghost moth (Spider:4)
  2 merfolk impalers (Shoals:4)
  A centaur warrior (Shoals:1)
  2 merfolk avatars
  An alligator snapping turtle (Shoals:4)
  A demonic crawler (Spider:3)
  2 skysharks (Shoals:2)
  6 sea snakes
  3 harpies
  A wolf spider (Spider:4)
  A moth of wrath (Spider:1)
  3 manticores
  7 fauns
  4 merfolk sirens
  5 water nymphs
  6 merfolk
  4 wind drakes
  A hornet (Spider:4)
  2 tarantellas (Spider:4)
  3 snapping turtles
  A redback (Spider:4)
  A tentacle (Shoals:4)
59 creatures vanquished.

Vanquished Creatures (others)
  A merfolk javelineer (Shoals:1)
  2 ice dragons (IceCv)
  3 ironbound frosthearts (IceCv)
  2 ugly things (IceCv)
  2 meliai (Spider:1)
  A torpor snail (Spider:2)
  5 rime drakes
  An unseen horror (D:12)
  A komodo dragon (Lair:5)
  2 polar bears (IceCv)
  A slime creature (Lair:5)
  A jumping spider (Spider:4)
  A wyvern (D:9)
  A redback (Spider:2)
  A vampire mosquito (D:7)
  A wight (D:9)
  An orc wizard (D:11)
  An orc (D:8)
  2 starspawn tentacles (Abyss:2)
  11 tentacles (Shoals:4)
41 creatures vanquished.

Grand Total: 1087 creatures vanquished

Notes
Turn   | Place    | Note
-------+----------+-------------------------------------------
     0 | D:1      | Armakuni the Deep Elf Gladiator began the quest for the
                  | Orb.
     0 | D:1      | Reached XP level 1. HP: 12/12 MP: 3/3
   182 | D:1      | Reached XP level 2. HP: 17/17 MP: 4/4
   552 | D:2      | Found a white marble altar of Elyvilon.
   560 | D:2      | Became a worshipper of Elyvilon the Healer
   591 | D:2      | Reached XP level 3. HP: 17/22 MP: 5/5
   929 | D:2      | Found a faded altar of an unknown god.
  1096 | D:2      | Learned a level 1 spell: Apportation
  1279 | D:3      | Reached * piety under Elyvilon
  1322 | D:3      | Reached XP level 4. HP: 28/28 MP: 6/6
  1471 | D:3      | Reached skill level 1 in Invocations
  1504 | D:3      | Noticed Robin
  1508 | D:3      | Reached XP level 5. HP: 22/32 MP: 7/7
  1623 | D:3      | Killed Robin
  2095 | D:4      | Found a hide-covered altar of Uskayaw.
  2117 | D:4      | Reached XP level 6. HP: 28/38 MP: 9/9
  2207 | D:4      | Reached ** piety under Elyvilon
  2669 | D:4      | Noticed Eustachio
  2687 | D:4      | Killed Eustachio
  2688 | D:4      | Reached skill level 5 in Fighting
  2688 | D:4      | Reached XP level 7. HP: 42/44 MP: 8/10
  2705 | D:5      | Entered Level 5 of the Dungeon
  2947 | D:5      | Reached skill level 5 in Long Blades
  3342 | D:5      | Found an iron altar of Okawaru.
  3398 | D:5      | Found a staircase to the Ecumenical Temple.
  3408 | Temple   | Entered the Ecumenical Temple
  3699 | D:5      | Reached XP level 8. HP: 31/50 MP: 13/13
  3980 | D:6      | Found an ornate altar of the Wu Jian Council.
  4042 | D:6      | Reached skill level 5 in Invocations
  4295 | D:6      | Reached *** piety under Elyvilon
  4322 | D:6      | Found an opulent altar of Gozag.
  5486 | D:7      | Reached XP level 9. HP: 54/54 MP: 16/18
  5617 | D:7      | Reached skill level 10 in Invocations
  6093 | D:8      | Reached skill level 5 in Evocations
  6179 | D:8      | Noticed Grum
  6200 | D:8      | Killed Grum
  6201 | D:8      | Reached XP level 10. HP: 60/60 MP: 16/19
  6344 | D:8      | Found a flagged portal.
  6413 | Bailey   | Entered a bailey
  6579 | Bailey   | Noticed an orc knight
  6594 | Bailey   | Reached skill level 1 in Shields
  6594 | Bailey   | Killed an orc knight
  6719 | Bailey   | Identified the +2 short sword "Dragonslayer" {freeze, rPois
                  | Int+3 SInv}
  6936 | D:8      | Noticed Skimidon's ghost (novice DsWn)
  6937 | D:8      | Found a transporter.
  7569 | D:9      | Found a shimmering blue altar of Sif Muna.
  7900 | D:9      | Found a transporter.
  7903 | D:9      | Found a transporter.
  7913 | D:9      | Found Neophealawn's Armour Boutique.
  8017 | D:9      | Found a transporter.
  8141 | D:9      | Found a transporter.
  8291 | D:10     | Entered Level 10 of the Dungeon
  8348 | D:10     | Identified 2 scrolls of acquirement
  8348 | D:10     | Acquired 548 gold pieces
  8350 | D:10     | Acquired a manual of Long Blades
  8400 | D:10     | Reached XP level 11. HP: 60/64 MP: 21/21
  8524 | D:10     | Found a shadowy altar of Dithmenos.
  8750 | D:10     | Reached skill level 5 in Dodging
  8755 | D:10     | Found a staircase to the Lair.
  8969 | Lair:1   | Entered Level 1 of the Lair of Beasts
  9045 | Lair:1   | Reached skill level 10 in Long Blades
  9295 | Lair:1   | Noticed Urug
  9360 | Lair:1   | Killed Urug
 10242 | Lair:2   | Reached skill level 1 in Armour
 10262 | Lair:2   | Reached XP level 12. HP: 55/69 MP: 22/22
 10582 | Lair:2   | Reached skill level 5 in Armour
 10625 | Lair:2   | Found a hole to the Spider Nest.
 10698 | Lair:2   | Learned a level 3 spell: Call Canine Familiar
 10703 | Lair:2   | Learned a level 4 spell: Vhi's Electric Charge
 10765 | Lair:2   | Noticed Gastronok
 10778 | Lair:2   | Killed Gastronok
 10815 | Lair:2   | You fall into a shaft and drop 2 floors!
 10873 | Lair:4   | Noticed a boulder beetle
 10886 | Lair:4   | Killed a boulder beetle
 10995 | Lair:4   | Reached **** piety under Elyvilon
 11528 | Lair:3   | Noticed a death yak
 11528 | Lair:3   | Noticed a death yak
 11528 | Lair:3   | Noticed a death yak
 11528 | Lair:3   | Noticed a death yak
 11528 | Lair:3   | Noticed a death yak
 11537 | Lair:2   | Pacified a death yak
 11539 | Lair:2   | Pacified a death yak
 11575 | Lair:2   | Killed a death yak
 11760 | Lair:3   | Reached XP level 13. HP: 75/79 MP: 23/23
 12229 | Lair:3   | Found a staircase to the Shoals.
 12344 | Lair:3   | Reached skill level 10 in Dodging
 12792 | Lair:5   | Entered Level 5 of the Lair of Beasts
 12900 | Lair:5   | Reached skill level 5 in Shields
 13142 | Lair:5   | Reached skill level 10 in Fighting
 13229 | Lair:5   | Identified the +4 ring mail "Ablu" {rN+ Will+ Int+4}
 13509 | Lair:5   | Reached XP level 14. HP: 90/90 MP: 24/24
 13722 | Lair:5   | Found a staircase to the Slime Pits.
 14025 | Lair:5   | Found a burning altar of Makhleb.
 14158 | Lair:5   | Found a gateway to Hell.
 14352 | D:10     | Found a hazy altar of Hepliaklqana.
 14357 | D:10     | Reached skill level 1 in Ranged Weapons
 14360 | D:10     | Found a faded altar of an unknown god.
 14582 | D:11     | Reached skill level 2 in Ranged Weapons
 14676 | D:11     | Reached skill level 3 in Ranged Weapons
 14760 | D:11     | Reached skill level 4 in Ranged Weapons
 15106 | D:12     | Reached skill level 5 in Ranged Weapons
 15507 | D:12     | Noticed Kirke
 15523 | D:11     | Reached skill level 6 in Ranged Weapons
 15536 | D:12     | Killed Kirke
 15562 | D:12     | Found a staircase to the Orcish Mines.
 15585 | D:12     | Reached skill level 7 in Ranged Weapons
 16035 | D:12     | Reached skill level 8 in Ranged Weapons
 16256 | D:13     | Reached skill level 9 in Ranged Weapons
 16313 | D:13     | Reached skill level 10 in Ranged Weapons
 16375 | D:13     | Found a gate to the Vaults.
 16920 | D:14     | Reached skill level 11 in Ranged Weapons
 17295 | D:14     | Found a gate leading to a gauntlet.
 18077 | D:15     | Entered Level 15 of the Dungeon
 18146 | D:15     | Reached skill level 12 in Ranged Weapons
 18508 | D:15     | Reached skill level 13 in Ranged Weapons
 18538 | D:15     | Reached XP level 15. HP: 75/96 MP: 25/25
 18545 | D:15     | Found a staircase to the Depths.
 18570 | Abyss:2  | Cast into level 2 of the Abyss (skeletal warrior)
 18761 | Abyss:2  | Reached skill level 14 in Ranged Weapons
 18931 | Abyss:2  | Noticed a tentacled starspawn
 18943 | Abyss:2  | Killed a tentacled starspawn
 19266 | D:15     | Escaped the Abyss
 19389 | Orc:1    | Entered Level 1 of the Orcish Mines
 19405 | Orc:1    | Noticed Fannar
 19421 | Orc:1    | Killed Fannar
 19422 | Orc:1    | Noticed Jorgrun
 19556 | D:12     | Killed Jorgrun
 19772 | Orc:2    | Entered Level 2 of the Orcish Mines
 19801 | Orc:2    | Found a staircase to the Elven Halls.
 20675 | Orc:2    | Found Cimomu's Antique Armour Emporium.
 20676 | Orc:2    | Found Zitari's Antique Armour Shoppe.
 20681 | Orc:2    | Bought a pitted ring mail for 180 gold pieces
 20681 | Orc:2    | Identified the +0 ring mail "Deoxt" {-Tele rElec rN+++
                  | Int-2} (You bought it in a shop on level 2 of the Orcish
                  | Mines)
 20805 | Orc:2    | Found Vaur's Book Emporium.
 21217 | Orc:2    | Reached skill level 15 in Invocations
 21620 | Spider:1 | Entered Level 1 of the Spider Nest
 21746 | Spider:1 | Learned a level 4 spell: Summon Lightning Spire
 21796 | Spider:1 | Reached skill level 1 in Spellcasting
 21807 | Spider:1 | Reached skill level 1 in Summonings
 21949 | Spider:1 | You fall into a shaft and drop 1 floor!
 22301 | Spider:2 | Reached XP level 16. HP: 92/101 MP: 29/29
 22840 | Spider:2 | Reached skill level 10 in Evocations
 23205 | Spider:2 | Reached skill level 5 in Spellcasting
 23297 | Spider:2 | Noticed Arachne
 23321 | Spider:2 | Killed Arachne
 23443 | Spider:3 | Elyvilon protects you from harm!
 24735 | Spider:3 | Identified the +1 buckler of Honesty {rN+ Str+3 Int+2 SInv}
 24775 | Spider:3 | Reached skill level 5 in Summonings
 25013 | Spider:4 | Entered Level 4 of the Spider Nest
 25205 | Spider:4 | Found a glacial archway.
 25252 | IceCv    | Entered an ice cave
 26158 | Spider:4 | Reached XP level 17. HP: 102/106 MP: 29/32
 26322 | Spider:4 | Reached skill level 1 in Translocations
 26455 | Spider:4 | Reached skill level 1 in Air Magic
 26681 | Spider:4 | Identified the +4 chain mail of Cesh {Will- Regen+ Str+4}
 27110 | Spider:4 | Reached skill level 10 in Summonings
 27700 | Spider:4 | Got a gossamer rune of Zot
 28331 | Spider:1 | Identified the -1 hat of Fanaticism {Int+3}
 28559 | Shoals:1 | Entered Level 1 of the Shoals
 28664 | Shoals:1 | Reached skill level 5 in Translocations
 28735 | Shoals:1 | Reached skill level 5 in Air Magic
 28841 | Shoals:1 | Reached skill level 10 in Spellcasting
 28999 | Shoals:1 | Learned a level 4 spell: Dimensional Bullseye
 29051 | Shoals:1 | Reached skill level 1 in Hexes
 29065 | Shoals:1 | Identified the blade talisman of Summer {rC+ rN+ Slay-3
                  | Stlth+}
 29401 | Shoals:1 | Acquired the +8 hand cannon of Pena {heavy, Will+ Int+4}
 29742 | Shoals:2 | Reached skill level 15 in Ranged Weapons
 29814 | Shoals:2 | Noticed Ilsuiw
 30064 | Shoals:2 | Killed Ilsuiw
 30306 | Shoals:3 | Noticed Mara
 30347 | Shoals:3 | Reached skill level 16 in Ranged Weapons
 30421 | Shoals:3 | Noticed Donald
 30429 | Shoals:3 | Killed Donald
 30839 | Shoals:3 | Reached skill level 17 in Ranged Weapons
 30856 | Shoals:3 | Reached XP level 18. HP: 100/112 MP: 30/34
 30985 | Shoals:4 | Entered Level 4 of the Shoals
 31390 | Shoals:4 | Found Fiutucep's Firing Range.
 31422 | Shoals:4 | Identified the staff "Liffumau" {Conj Hexes}
 31513 | Shoals:4 | Reached skill level 18 in Ranged Weapons
 31990 | Shoals:4 | Identified the +1 ring mail "Vyrph" {Slay+4}
 32382 | Shoals:4 | Got a barnacled rune of Zot
 32407 | Shoals:3 | Learned a level 4 spell: Iskenderun's Mystic Blast
 32692 | Elf:1    | Entered Level 1 of the Elven Halls
 32775 | Orc:2    | Killed from afar by a deep elf pyromancer

Illustrated notes

Levels and vault maps discovered:
D:1:      dpeg_arrival_brainrot, layout_rooms
D:2:      kennysheep_big_flooded_room, layout_rooms, basic_altar,
          nicolae_ecumenical_snake_handling
D:3:      layout_loops_ring, hangedman_decor_riveting, grunt_ministairs_1,
          uniq_robin
D:4:      layout_rooms, nicolae_uskayaw_dance_hall, uniq_eustachio
D:5:      layout_layer_cave, amcnicky_altar_gilded,
          minmay_temple_entry_gardened_gates
D:6:      layout_loops_corners, mainiacjoe_overflow_chevrons,
          nicolae_gozag_seed_capital
D:7:      layout_loops_ring
D:8:      layout_loops_ring, enter_bailey_5, gammafunk_ghost_smash, uniq_grum
D:9:      layout_loops_cross, kennysheep_mini_moat, serial_shops, shop,
          nicolae_transporter_circle
D:10:     layout_gridville, lemuel_doored_altar,
          beargit_hepliaklqana_dungeon_heroes, david_lair_generic
D:11:     layout_roguey
D:12:     layout_irregular_city, orc_0_dummy, nzn_life_drinkers, uniq_kirke
D:13:     layout_rooms, ximxim_vaults_locker_room, roderic_lattice_a
D:14:     layout_stronghold, chequers_arboretum, gauntlet_entry_generic
D:15:     gammafunk_depths_entry_grave, layout_loops_ring, solitary_fountain
Temple:   regret_index_temple_waves
Lair:1:   layout_regular_city, serial_bayou_lake_a, infiniplex_staircase_pool_2,
          grunt_megastairs_3, serial_bayou_shore_a, serial_bayou_shore_b,
          uniq_urug
Lair:2:   layout_gridlike, spider_nest_entry_a, uniq_gastronok
Lair:3:   layout_concentric_octagons, elwin_shoals_entry_rooms,
          hibernation_bobbens
Lair:4:   beargit_carnivore_pack, layout_misc_corridors, evilmike_ambush
          [evilmike_ambush_outer_doors, evilmike_ambush_inner_wall_2],
          lemuel_fruit_tree
Lair:5:   evil_forest, layout_gridlike, minmay_slime_entry_pillars
Shoals:1: layout_shoals
Shoals:2: layout_shoals, nicolae_tricolors, uniq_ilsuiw
Shoals:3: layout_shoals, nicolae_shoals_sun_and_surf, uniq_donald, uniq_mara
Shoals:4: shoals_end_grunt_ice, layout_shoals, nicolae_shop_firing_range
Spider:1: layout_spider_delve, hellmonk_motheaten_closet
Spider:2: layout_spider_delve, hangedman_spider_tarantella_strand, uniq_arachne
Spider:3: nicolae_spider_hilbert_zone_1 [nicolae_spider_hilbert_4_sides_1_open,
          nicolae_spider_hilbert_4_sides_1_open,
          nicolae_spider_hilbert_4_sides_1_open,
          nicolae_spider_hilbert_4_sides_1_open,
          nicolae_spider_hilbert_3_sides_1_open,
          nicolae_spider_hilbert_3_sides_1_open,
          nicolae_spider_hilbert_3_sides_1_open,
          nicolae_spider_hilbert_3_sides_1_open,
          nicolae_spider_hilbert_3_sides_1_open,
          nicolae_spider_hilbert_6_sides_1_open,
          nicolae_spider_hilbert_6_sides_1_open,
          nicolae_spider_hilbert_3_sides_1_open,
          nicolae_spider_hilbert_3_sides_1_open,
          nicolae_spider_hilbert_3_sides_1_open,
          nicolae_spider_hilbert_3_sides_1_open,
          nicolae_spider_hilbert_2_sides_1_open]
Spider:4: spider_rune_water, portal_ice_cave_entry_frozen_things
Orc:1:    layout_caves, nicolae_orc_seminary, uniq_jorgrun, uniq_fannar
Orc:2:    st_orc_town, layout_diamond_mine, hellmonk_guarded_unrand_dark_maul
Elf:1:    nicolae_elf_arrival_fired_up, layout_geoelf_diagonals,
          hangedman_elf_disciples

Skill      XL: |  1  2  3  4  5  6  7  8  9 10 11 12 13 14 15 16 17 18 |
---------------+-------------------------------------------------------+-----
Fighting       | 2 3 4 5 8 11 | 11.9
Long Blades    | 3 4 5 7 9 12 14 | 14.0
Invocations    | 1 2 4 9 10 11 15 | 15.0
Evocations     | 5 8 10 | 10.0
Shields        | 4 7 |  7.0
Dodging        | 4 8 9 10 | 10.0
Armour         | 2 5 |  5.0
Ranged Weapons | 13 14 17 18 | 18.0
Spellcasting   | 2 9 10 | 10.7
Summonings     | 1 9 10 | 10.0
Translocations | 5 9 |  9.8
Air Magic      | 5 |  5.0
Hexes          | 3 |  3.9
Throwing       | |  2.0

Action                     |  1- 3 |  4- 6 |  7- 9 | 10-12 | 13-15 | 16-18 || total
---------------------------+-------+-------+-------+-------+-------+-------++-------
  Melee: Long sword        |    67 |       |   102 |    45 |       |       ||   214
         Dagger            |    43 |   194 |   292 |   156 |       |       ||   685
         Punch             |       |     3 |     9 |     2 |       |       ||    14
         Scimitar          |       |       |       |   507 |  1594 |   659 ||  2760
   Fire: Orcbow            |       |       |       |    10 |       |       ||    10
         Sling             |       |       |       |       |    33 |   173 ||   206
         Hand cannon       |       |       |       |       |       |   334 ||   334
  Throw: Throwing net      |     2 |     4 |     2 |       |     2 |       ||    10
   Cast: Call Canine Famil |       |       |       |       |       |    26 ||    26
         Summon Lightning  |       |       |       |       |       |   104 ||   104
         Apportation       |       |       |       |       |       |     2 ||     2
 Invoke: Purification      |       |     1 |     1 |     6 |    13 |    17 ||    38
         Heal Other        |       |       |     8 |    13 |    15 |    27 ||    63
         Heal Self         |       |       |     4 |    10 |    26 |     7 ||    47
Ability: Evoke Invisibilit |       |       |       |       |     1 |    10 ||    11
  Evoke: Wand              |       |       |     7 |    34 |    29 |    41 ||   111
         Phantom mirror    |       |       |       |       |       |     1 ||     1
    Use: Scroll            |     5 |     6 |     3 |    17 |    14 |    15 ||    60
         Potion            |       |       |     2 |     7 |     6 |    10 ||    25
   Stab: Held in net/web   |       |     2 |     1 |       |       |       ||     3
         Invisible         |       |       |    10 |     6 |     3 |    27 ||    46
         Paralysed         |       |       |     7 |     4 |    21 |    18 ||    50
         Distracted        |       |       |       |       |       |     6 ||     6
 Armour: Ring mail         |    71 |    89 |   274 |   286 |   596 |   605 ||  1921
         Leather armour    |     2 |       |       |       |       |       ||     2
         Scale mail        |       |       |       |   151 |   110 |       ||   261
         Ice dragon scales |       |       |       |       |       |   113 ||   113
  Dodge: Dodged            |    96 |   115 |   284 |   373 |  1065 |  1008 ||  2941
  Block: Buckler           |       |       |       |   172 |   639 |   570 ||  1381
         Reflection        |       |       |       |     2 |    17 |    41 ||    60
